[Event "VII Totalizator Sportowy 2022"]
[Site "Bydgoszcz"]
[Date "2022.07.03"]
[Round "9.18"]
[White "Syrkiewicz, Michal"]
[Black "Rog, Bartlomiej"]
[Result "1-0"]
[ECO "A10"]
[WhiteElo "2000"]
[BlackElo "2055"]
[Annotator "NA RC"]
[PlyCount "89"]
[EventDate "2022.06.25"]
[EventType "swiss"]
[EventCountry "POL"]
[SourceTitle "playchess.com"]
[Source "ChessBase"]
[SourceQuality "1"]
[TimeControl "40/5400+30:1800+30"]

1. c4 d6 2. g3 e5 3. Bg2 f5 4. e3 Nf6 5. Nc3 Be7 6. d3 O-O 7. Nge2 c6 8. O-O Be6 9. Rb1 d5 10. cxd5 cxd5 11. Qb3 Qd7 12. d4 e4 13. Bd2 Nc6 14. Na4 b6 15. Rfc1 Rfc8 16. Nf4 Bf7 17. Bf1 g5 18. Ng2 Ne8 19. Ba6 Rc7 20. a3 Nd6 21. Qd1 Nc4 22. Nc3 N6a5 23. Nb5 Rc6 24. Bb4 Bxb4 25. axb4 f4 26. exf4 Nb3 27. Rc2 e3 28. Nxe3 gxf4 29. Qg4+ Qxg4 30. Nxg4 Rb8 31. Nxa7 Re6 32. Bxc4 dxc4 33. Rd1 h5 34. Ne5 Nxd4 35. Rxd4 Rxe5 36. Nc6 Re1+ 37. Kg2 Ra8 38. gxf4 Kh8 39. Rc3 h4 40. f5 Rg8+ 41. Kh3 Kg7 42. Re3 Rf1 43. f6+ Kxf6 44. Rf4+ Kg7 45. Re7 1-0

[Event "VII Totalizator Sportowy 2022"]
[Site "Bydgoszcz"]
[Date "2022.07.03"]
[Round "9.19"]
[White "Kolodziejski, Piotr"]
[Black "Jarocka, Liwia"]
[Result "1/2-1/2"]
[ECO "B15"]
[WhiteElo "2107"]
[BlackElo "2006"]
[Annotator "RC"]
[PlyCount "113"]
[EventDate "2022.06.25"]
[EventType "swiss"]
[EventCountry "POL"]
[SourceTitle "playchess.com"]
[Source "ChessBase"]
[SourceQuality "1"]
[TimeControl "40/5400+30:1800+30"]

1. e4 c6 2. d4 d5 3. Nc3 dxe4 4. Nxe4 Nf6 5. Nxf6+ exf6 6. c3 Bd6 7. Bd3 O-O 8. Qc2 Re8+ 9. Ne2 h5 10. Bd2 Nd7 11. O-O-O Nf8 12. Ng3 g6 13. Ne4 Be6 14. Kb1 Be7 15. Be3 b5 16. f3 f5 17. Nd2 Qd5 18. c4 bxc4 19. Bxc4 Qd7 20. Rhe1 Bb4 21. Re2 Bxd2 22. Rdxd2 Rab8 23. Bf4 Rb4 24. Bxe6 Nxe6 25. Qc3 Rb5 26. Be5 Rd5 27. Bf6 Nc7 28. Rxe8+ Nxe8 29. Bh4 Nc7 30. Bf6 f4 31. Rc2 c5 32. a4 Ne8 33. Bh4 cxd4 34. Qb3 d3 35. Rd2 g5 36. Bf2 a5 37. h4 g4 38. Qc4 g3 39. Bb6 Qe6 40. Ka2 Nd6 41. Qb3 Nf5 42. Bc7 Nd4 43. Qc4 Ne2 44. Kb1 Qd7 45. Bb6 Qf5 46. Ka1 Rd6 47. Ba7 Qd7 48. Bc5 Rd5 49. b3 Qf5 50. Ba3 Nd4 51. Bb2 Nc2+ 52. Kb1 Ne3 53. Qc6 f6 54. Qe8+ Kg7 55. Qe7+ Kg6 56. Qe8+ Kg7 57. Qe7+ 1/2-1/2

[Event "VII Totalizator Sportowy 2022"]
[Site "Bydgoszcz"]
[Date "2022.07.03"]
[Round "9.20"]
[White "Dubnevych, Maksym"]
[Black "Skurniak, Szymon"]
[Result "1/2-1/2"]
[ECO "C41"]
[WhiteElo "2048"]
[BlackElo "1960"]
[Annotator "NA RC"]
[PlyCount "51"]
[EventDate "2022.06.25"]
[EventType "swiss"]
[EventCountry "POL"]
[SourceTitle "playchess.com"]
[Source "ChessBase"]
[SourceQuality "1"]
[TimeControl "40/5400+30:1800+30"]

1. e4 d6 2. d4 Nf6 3. Nc3 e5 4. Nf3 Nbd7 5. Be2 c6 6. O-O Be7 7. h3 b5 8. a3 Bb7 9. b4 O-O 10. Bg5 h6 11. Bxf6 Bxf6 12. d5 cxd5 13. Nxd5 Nb6 14. Nxf6+ Qxf6 15. Nd2 a6 16. c4 bxc4 17. Bxc4 Rac8 18. Qe2 Nxc4 19. Nxc4 Qg6 20. f3 f5 21. exf5 Rxf5 22. Rad1 Rd8 23. Ne3 Rf7 24. Nc4 Rf5 25. Ne3 Rf7 26. Nc4 1/2-1/2

[Event "VII Totalizator Sportowy 2022"]
[Site "Bydgoszcz"]
[Date "2022.07.03"]
[Round "9.21"]
[White "Zaninotto, Franco"]
[Black "Sliwicki, Damian"]
[Result "0-1"]
[ECO "B01"]
[WhiteElo "2069"]
[BlackElo "2168"]
[Annotator "RC"]
[PlyCount "67"]
[EventDate "2022.06.25"]
[EventType "swiss"]
[EventCountry "POL"]
[SourceTitle "playchess.com"]
[Source "ChessBase"]
[SourceQuality "1"]
[TimeControl "40/5400+30:1800+30"]

1. e4 d5 2. exd5 Qxd5 3. Nc3 Qa5 4. d4 Nf6 5. Bd2 Bg4 6. Nf3 Qb6 7. h3 Bh5 8. Bc4 e6 9. Qe2 Bxf3 10. Qxf3 Nc6 11. Bb5 O-O-O 12. Bxc6 Qxc6 13. Qxc6 bxc6 14. Be3 Bb4 15. Ke2 c5 16. dxc5 Bxc3 17. bxc3 Ne4 18. c4 a6 19. a4 f5 20. Ra3 e5 21. Rd3 f4 22. Kf3 Ng5+ 23. Kg4 fxe3 24. Kxg5 Rxd3 25. cxd3 exf2 26. Rf1 Rf8 27. Kg4 Kd7 28. Kg3 Kc6 29. Rxf2 Rxf2 30. Kxf2 Kxc5 31. Ke3 Kb4 32. Ke4 Kxa4 33. Kxe5 Kb4 34. Kd4 0-1

[Event "VII Totalizator Sportowy 2022"]
[Site "Bydgoszcz"]
[Date "2022.07.03"]
[Round "9.22"]
[White "Zalega, Maciej"]
[Black "Hulka, Valentyn"]
[Result "1/2-1/2"]
[ECO "B53"]
[WhiteElo "2051"]
[BlackElo "2123"]
[Annotator "NA RC"]
[PlyCount "107"]
[EventDate "2022.06.25"]
[EventType "swiss"]
[EventCountry "POL"]
[SourceTitle "playchess.com"]
[Source "ChessBase"]
[SourceQuality "1"]
[TimeControl "40/5400+30:1800+30"]

1. e4 c5 2. Nf3 d6 3. d4 cxd4 4. Qxd4 a6 5. c4 Nc6 6. Qe3 Nf6 7. h3 g6 8. Be2 Bg7 9. O-O O-O 10. Nc3 Nd7 11. Rd1 Nc5 12. Rb1 f5 13. b4 f4 14. Qd2 Ne6 15. Nd5 Ned4 16. Nxd4 Nxd4 17. Bb2 Nxe2+ 18. Qxe2 f3 19. Qe3 e5 20. Nb6 Bxh3 21. gxh3 Qh4 22. Kf1 Qxh3+ 23. Ke1 Bh6 24. Qd3 Qh1+ 25. Qf1 Qh4 26. Rd3 Qxe4+ 27. Kd1 Rad8 28. Kc2 Qc6 29. Qh3 Qxb6 30. Qxh6 Rc8 31. Rh1 Rf7 32. Kb1 Qxb4 33. Rxf3 Qxc4 34. Ka1 Qd5 35. Rg3 Qe6 36. Rhg1 Rf6 37. f4 Rc2 38. Rb3 Qf7 39. Kb1 Rc4 40. f5 Rxf5 41. Qh1 Rc6 42. Bc1 d5 43. Rd1 d4 44. Bh6 Qd7 45. Qe4 Rh5 46. Bc1 b5 47. Ka1 Rc5 48. Ba3 Qd5 49. Qe2 Rc8 50. Rf3 Rh2 51. Rf2 Rxf2 52. Qxf2 a5 53. Rf1 b4 54. Bc1 1/2-1/2

[Event "VII Totalizator Sportowy 2022"]
[Site "Bydgoszcz"]
[Date "2022.07.03"]
[Round "9.23"]
[White "Starosciak, Szymon"]
[Black "Malczyk, Radoslaw"]
[Result "0-1"]
[ECO "B39"]
[WhiteElo "1901"]
[BlackElo "2067"]
[Annotator "NA RC"]
[PlyCount "72"]
[EventDate "2022.06.25"]
[EventType "swiss"]
[EventCountry "POL"]
[SourceTitle "playchess.com"]
[Source "ChessBase"]
[SourceQuality "1"]
[TimeControl "40/5400+30:1800+30"]

1. e4 c5 2. Nf3 g6 3. c4 Nc6 4. d4 cxd4 5. Nxd4 Nf6 6. Nc3 Bg7 7. Be3 Ng4 8. Qxg4 Nxd4 9. Qd1 Ne6 10. Qd2 d6 11. Be2 Bd7 12. O-O O-O 13. Rac1 a5 14. b3 Nc5 15. f3 Bc6 16. Rfd1 f5 17. exf5 gxf5 18. Nd5 Kh8 19. Nf4 Rg8 20. Qe1 Qe8 21. Qh4 Qf7 22. Kh1 Ne6 23. c5 Nxf4 24. Bxf4 d5 25. Bg5 e5 26. a3 Qg6 27. f4 e4 28. b4 axb4 29. axb4 Ra2 30. Bh5 Qe6 31. b5 Bxb5 32. Rb1 Bc6 33. Rb3 Rga8 34. Rg3 Ra1 35. Be7 Rxd1+ 36. Bxd1 Ra1 0-1

[Event "VII Totalizator Sportowy 2022"]
[Site "Bydgoszcz"]
[Date "2022.07.04"]
[Round "10.2"]
[White "Heberla, Bartlomiej"]
[Black "Lewtak, Damian"]
[Result "1-0"]
[ECO "A41"]
[WhiteElo "2576"]
[BlackElo "2384"]
[Annotator "TA"]
[PlyCount "31"]
[EventDate "2022.06.25"]
[EventType "swiss"]
[EventCountry "POL"]
[SourceTitle "playchess.com"]
[Source "ChessBase"]
[SourceQuality "1"]
[TimeControl "40/5400+30:1800+30"]

1. d4 d6 2. e4 Nf6 3. Bd3 e5 4. c3 Nbd7 5. Nf3 d5 6. dxe5 {[%emt 0:01:42] B07: Pirc Defence: Miscellaneous Systems.} (6. Qe2 $5 ) 6... Nxe4 {[%emt 0:00:15] [#]} (6... dxe4 $11 7. exf6 exf3) 7. Bc2 $146 ({Predecessor:} 7. O-O Ndc5 8. Be2 Be7 9. Be3 O-O 10. Nbd2 Bg4 11. h3 Bh5 12. Nd4 Bxe2 13. Qxe2 Nxd2 14. Bxd2 {1-0 (34) Martinez Alcantara,J (2620)-Tomb,M (2084) Chess.com INT 2020}) 7... c6 8. O-O {[%emt 0:01:40][%cal Oc3c4] White is slightly better.} Be7 9. c4 Nb6 10. cxd5 cxd5 11. Nd4 f6 (11... O-O $14) 12. Nc3 $16 O-O 13. Nxe4 fxe5 (13... dxe4 {was worth a try.} 14. Bb3+ (14. Bxe4 fxe5 15. Qb3+ Kh8 $14) 14... Nd5) 14. Ng3 $18 ({Not} 14. Qh5 dxe4 15. Qxe5 Bf6 16. Qxe4 g6 $18) 14... exd4 $2 {[%emt 0:00:26] [#]} (14... g6 15. Nf3 (15. Bh6 exd4 16. Bxf8 Bxf8 $16) 15... Bg4) 15. Qh5 $1 h6 {[%emt 0:05:41] [#]} 16. Bxh6 $1 {[%emt 0:01:18][%mdl 512] Black did not feel at home in the position after the opening.  Weighted Error Value: White=0.03 (flawless) /Black=0.56} 1-0

[Event "VII Totalizator Sportowy 2022"]
[Site "Bydgoszcz"]
[Date "2022.07.04"]
[Round "10.3"]
[White "Maksimenko, Andrei"]
[Black "Krasenkow, Michal"]
[Result "1/2-1/2"]
[ECO "D85"]
[WhiteElo "2434"]
[BlackElo "2576"]
[Annotator "TA"]
[PlyCount "24"]
[EventDate "2022.06.25"]
[EventType "swiss"]
[EventCountry "POL"]
[SourceTitle "playchess.com"]
[Source "ChessBase"]
[SourceQuality "1"]
[TimeControl "40/5400+30:1800+30"]

1. d4 Nf6 2. c4 g6 3. Nc3 d5 4. cxd5 Nxd5 5. e4 Nxc3 6. bxc3 Bg7 7. Be3 c5 8. Nf3 Qa5 {[%emt 0:00:16] The position is equal.} 9. Nd2 {[%emt 0:00:46] D85: Exchange Grünfeld: Unusual White 7th moves and lines with 7 Nf3.} O-O {[%emt 0:00:55] 9...Nd7 is the recent fashion.} 10. Nb3 {[%emt 0:00:27] [#]} Qxc3+ $146 ({Predecessor:} 10... Qc7 11. Nxc5 Nd7 12. Na4 a6 13. Rc1 b5 14. Nb2 Bb7 15. f3 Qa5 16. Qb3 e5 {0-1 (64) Grischuk,A (2776)-Nepomniachtchi,I (2792) chess24.com INT 2021}) 11. Bd2 Qb2 12. Bc1 Qc3+ {An interesting draw.  Weighted Error Value: White=0.05 (flawless) /Black=0.00 (flawless)} 1/2-1/2

[Event "VII Totalizator Sportowy 2022"]
[Site "Bydgoszcz"]
[Date "2022.07.04"]
[Round "10.4"]
[White "Czarnota, Pawel"]
[Black "Kucza, Karol"]
[Result "1/2-1/2"]
[ECO "C81"]
[WhiteElo "2502"]
[BlackElo "2305"]
[Annotator "TA"]
[PlyCount "185"]
[EventDate "2022.06.25"]
[EventType "swiss"]
[EventCountry "POL"]
[SourceTitle "playchess.com"]
[Source "ChessBase"]
[SourceQuality "1"]
[TimeControl "40/5400+30:1800+30"]

1. e4 e5 2. Nf3 Nc6 3. Bb5 a6 4. Ba4 Nf6 5. O-O Nxe4 6. d4 b5 7. Bb3 d5 8. dxe5 Be6 9. Qe2 Be7 10. Rd1 O-O 11. c4 bxc4 12. Bxc4 Bc5 13. Be3 Bxe3 14. Qxe3 Qb8 15. Bb3 Qb6 16. Qxb6 {[%emt 0:02:17] C81: Open Ruy Lopez: Keres Variation (9 Qe2).} cxb6 17. Na3 Rfd8 18. Nd4 Nxe5 19. f4 Ng4 20. f5 Bc8 21. Nc6 $1 Rd7 22. Bxd5 Ne3 $132 {[%emt 0:00:11][%csl LRd1,LRd5,LRf5][%mdl 2048] [#] Black puts up resistance} 23. Ne7+ $1 Rxe7 24. Bxa8 Nxd1 25. Rxd1 Nf6 26. Bc6 Bd7 {[%emt 0:07:43] [#]} 27. Rd6 $146 ({Predecessor:} 27. Bxd7 Rxd7 28. Rxd7 Nxd7 29. Kf2 Kf8 30. Ke3 Ke7 31. Ke4 Nf6+ 32. Kd4 Ng4 33. Kd5 {1-0 (58) Walter,G (2431)-Bolz,B (2302) ICCF email 2014}) 27... h5 28. Bxd7 Rxd7 29. Rxd7 Nxd7 $11 {[%emt 0:00:07][%mdl 4096] Endgame KN-KN} 30. Kf2 Kf8 31. Ke3 Ke7 32. Ke4 Kd6 (32... Nc5+ $11 {keeps the balance.} 33. Kd4 Kf6) 33. Nc4+ $16 Kc5 {[%emt 0:00:50] [#]} 34. Ne5 Nxe5 (34... Nf6+ $16 {was necessary.} 35. Kf3 Kd4 36. Nxf7 a5) 35. Kxe5 {[%emt 0:00:10] KP-KP} b5 $2 (35... a5 36. g3 a4) 36. f6 g6 {[%emt 0:00:10] [#]} 37. b4+ $2 (37. h4 $1 $18 {Black must now prevent a3.} a5 38. Ke4) 37... Kxb4 $11 {[%emt 0:03:39] The position is equal.} 38. Kd6 Ka3 $1 39. Ke7 Kxa2 40. Kxf7 b4 41. Kxg6 {[%emt 0:01:12] White threatens f7 and mate. K3P-K3P} b3 {[%emt 0:00:12] aiming for ...b2.} 42. f7 b2 43. f8=Q {[%emt 0:00:09] Qf7+ would kill now.} b1=Q+ 44. Kxh5 {[%emt 0:01:53] Qf2+ is the strong threat. KQ-KQ} Qh7+ 45. Qh6 Qf5+ 46. Kh4 Qf2+ 47. Kh3 Qf5+ 48. g4 Qf3+ 49. Kh4 Qf2+ 50. Kg5 Qe3+ 51. Kg6 Qe4+ 52. Kf7 Qb7+ $1 53. Kg8 (53. Kg6 $5 Qe4+ 54. Kf7 Qb7+ 55. Kf8 Qc8+ 56. Kf7 Qb7+ $11) 53... Qc8+ 54. Kh7 (54. Kf7 $5 Qd7+ 55. Kf8 Qd8+ 56. Kg7 Qe7+ 57. Kg8 Qd8+ 58. Qf8 Qg5+ 59. Qg7 Qd8+ 60. Kf7 $11) 54... Qc2+ ({Much less strong is} 54... Qxg4 55. Qxa6+ Kb3 56. Qd3+ Kb4 57. Qg3 Qf5+ 58. Kg7 $11) 55. Kg7 Qc7+ 56. Kg6 {[%emt 0:02:37] Strongly threatening Qd2+.} (56. Kf6 $5 Qd6+ 57. Kg5 Qe5+ 58. Kg6 $11) 56... Qc2+ 57. Kf6 Qc3+ 58. Kf5 Qd3+ 59. Ke5 $1 Qe2+ 60. Kd5 $1 Qb5+ 61. Kd4 Qb4+ 62. Kd3 {[%emt 0:02:02] White wants to mate with Qd2+.} Qb1+ 63. Kd2 $1 Qb4+ 64. Ke3 Qe1+ 65. Kd3 {[%emt 0:00:30] Intending Qd2+ and mate.} Qf1+ 66. Kd4 Qd1+ 67. Kc5 Qg1+ 68. Kd5 Qg2+ 69. Ke5 (69. Kc5 $5 Qg1+ 70. Kd5 Qg2+ 71. Kd4 Qxg4+ 72. Kc3 Qf3+ 73. Kd4 $11) 69... Qe2+ 70. Kf5 Qd3+ 71. Ke6 Qe4+ 72. Kf7 {[%emt 0:02:43] And now Qe6+ would win.} Qb7+ $1 73. Kg6 Qe4+ 74. Kh5 Qe5+ 75. g5 Qxh2+ 76. Kg6 Qc2+ 77. Kf7 Qc7+ 78. Kg8 Qc4+ 79. Kh8 a5 80. g6 Qc8+ 81. Kh7 {[%emt 0:00:06] Hoping for Qh2+.} Qc2 {[%emt 0:00:07] Inhibits Qh2.} 82. Qf4 a4 83. Kh6 Qc6 84. Qd2+ Kb3 85. Qd3+ Kb2 86. Qe2+ Kb1 87. Qe1+ Kb2 88. Kh7 Qc2 89. Qe5+ Kb1 90. Qd6 Kb2 91. Qb6+ Ka1 92. Qd6 Kb2 93. Qb6+ {[%emt 0:01:20] Weighted Error Value: White=0.11 (very precise) /Black=0.11 (very precise)} 1/2-1/2

[Event "VII Totalizator Sportowy 2022"]
[Site "Bydgoszcz"]
[Date "2022.07.04"]
[Round "10.5"]
[White "Gumularz, Szymon"]
[Black "Jakubowski, Krzysztof"]
[Result "1/2-1/2"]
[ECO "D38"]
[WhiteElo "2513"]
[BlackElo "2475"]
[Annotator "TA"]
[PlyCount "82"]
[EventDate "2022.06.25"]
[EventType "swiss"]
[EventCountry "POL"]
[SourceTitle "playchess.com"]
[Source "ChessBase"]
[SourceQuality "1"]
[TimeControl "40/5400+30:1800+30"]

1. d4 Nf6 2. c4 e6 3. Nf3 d5 4. Nc3 Bb4 5. Qb3 a5 6. a3 {[%emt 0:05:55] D38: Queen's Gambit Declined: Ragozin Defence (4 Nf3 Bb4).} a4 7. Qc2 ({But not} 7. Qxb4 Nc6 8. Qb5 Ra5 $15) 7... Bxc3+ 8. bxc3 {[%emt 0:00:07][%cal Bb2c3,Bc3c4][%mdl 32] The position is equal.} h6 {[%emt 0:18:48] [#] Prevents Bg5.} 9. e3 $146 ({Predecessor:} 9. cxd5 exd5 10. Bf4 O-O 11. e3 Be6 12. Bd3 Nbd7 13. h3 c5 14. Qb2 Qa5 15. O-O {1-0 (32) Babula,V (2576)-Zwardon,V (2482) Usti nad Labem 2022}) 9... O-O 10. cxd5 exd5 11. c4 c5 12. dxc5 Na6 13. c6 (13. Qxa4 Bd7 14. Qc2 Nxc5 $11) (13. cxd5 $14 Qxd5 14. Bb2 (14. Qxa4 Bd7 $11)) 13... bxc6 14. cxd5 cxd5 15. Be2 Ne4 16. O-O Bf5 (16... Nac5 $5 ) 17. Nd4 ({Reject} 17. Qxa4 Nc3 18. Qxa6 Rxa6 19. Bxa6 Qb6 $17) 17... Bh7 18. Qxa4 Nc3 19. Qb3 Nxe2+ 20. Nxe2 Nc5 21. Qb4 Qd6 22. Nd4 Rfb8 23. Qc3 Rc8 24. Bd2 Bd3 25. Rfd1 Qg6 26. Be1 Ba6 27. Qd2 Ne4 28. Qb2 Rab8 29. Bb4 Rb6 30. Rac1 Re8 31. Re1 Bc4 32. f3 $2 (32. Qc2 $16) 32... Nc5 $1 $15 {[%emt 0:00:23][%cal Be4c5,Bc5d3,Bd3e1][%mdl 96] [#] Pin} 33. Qc3 Nd3 34. Rcd1 Nxe1 35. Rxe1 Qh5 36. Qd2 Qe5 37. Bc3 Rg6 38. a4 Qh5 39. a5 Rc8 40. Rb1 Re8 41. Re1 Qg5 {[%emt 0:03:32] Weighted Error Value: White=0.15 (very precise) /Black=0.11 (very precise)} 1/2-1/2

[Event "VII Totalizator Sportowy 2022"]
[Site "Bydgoszcz"]
[Date "2022.07.04"]
[Round "10.6"]
[White "Malek, Jan"]
[Black "Kosakowski, Jakub"]
[Result "1-0"]
[ECO "B22"]
[WhiteElo "2316"]
[BlackElo "2435"]
[Annotator "TA"]
[PlyCount "49"]
[EventDate "2022.06.25"]
[EventType "swiss"]
[EventCountry "POL"]
[SourceTitle "playchess.com"]
[Source "ChessBase"]
[SourceQuality "1"]
[TimeControl "40/5400+30:1800+30"]

1. e4 c5 2. c3 Nf6 3. e5 Nd5 4. Nf3 e6 5. d4 cxd4 6. cxd4 d6 7. Bc4 Nc6 8. O-O Be7 9. Qe2 O-O 10. Qe4 {[%emt 0:00:08] 10.Rd1 is the modern continuation.} Bd7 11. Bb3 {[%emt 0:00:35] B22: Sicilian: 2 c3.} Na5 12. Bc2 {[%emt 0:00:00][%csl Gc2][%cal Re4h7] [#]} g6 $146 ({Predecessor:} 12... f5 13. exf6 Nxf6 14. Qe2 Nd5 15. Qe4 Nf6 16. Qe2 Nd5 17. Nc3 Nxc3 18. bxc3 Qe8 {1-0 (37) Malek,J (2230)-Karolczuk,I (2328) Sypniewo 2022}) 13. Bh6 {[%emt 0:00:06] The position is equal.} Re8 14. Qg4 Nb4 (14... Rc8 $5 15. Rc1 dxe5 16. Nxe5 Bf8 17. Bxf8 Rxf8 $11) 15. Na3 Nxc2 16. Nxc2 Bc6 17. Ng5 {[%emt 0:22:23] Strongly threatening Ne3.} dxe5 18. dxe5 Nc4 19. Rad1 (19. Nxf7 $14 {is more appropriate.} Kxf7 20. Qxc4 (20. Qf4+ Kg8 $11)) 19... Nxe5 $11 20. Qf4 Qb8 21. Rfe1 $40 {[%emt 0:01:28][%mdl 128] Black needs to defend precisely.} f6 (21... Bxg5 $2 22. Qxg5 f5 23. Qf6 $18) 22. Nxe6 {[%emt 0:00:27] Pair of Knights!} Nf7 23. Qh4 {[%emt 0:13:40] Bf4 is the strong threat.} f5 $2 {[%emt 0:03:30][%mdl 8192] [#]} (23... g5 $11 {and Black is okay.} 24. Qh3 Bd6) 24. Qd4 $1 $18 Ne5 25. Bf4 {[%emt 0:02:52] Weighted Error Value: White=0.10 (very precise) /Black=0.46} 1-0

[Event "VII Totalizator Sportowy 2022"]
[Site "Bydgoszcz"]
[Date "2022.07.04"]
[Round "10.7"]
[White "Golubka, Petro"]
[Black "Prokofiev, Valentyn"]
[Result "1/2-1/2"]
[ECO "A10"]
[WhiteElo "2380"]
[BlackElo "2362"]
[Annotator "TA"]
[PlyCount "35"]
[EventDate "2022.06.25"]
[EventType "swiss"]
[EventCountry "POL"]
[SourceTitle "playchess.com"]
[Source "ChessBase"]
[SourceQuality "1"]
[TimeControl "40/5400+30:1800+30"]

1. c4 g6 2. d4 Bg7 3. Nc3 c5 4. e3 Nf6 5. Nf3 O-O 6. h3 cxd4 7. exd4 d5 8. Bd3 dxc4 9. Bxc4 Nbd7 10. O-O Nb6 11. Bb3 Nbd5 {[%emt 0:07:34] D94: Grünfeld: 4 Nf3 Bg7 5 e3.} 12. Re1 e6 13. Nxd5 Nxd5 {[%emt 0:05:28] [#] The position is equal.} 14. Bg5 $146 ({Predecessor:} 14. Bd2 Qd6 15. Qe2 b6 16. Qe4 Bb7 17. Rad1 Rac8 18. Ng5 h6 19. Nf3 {1-0 (46) Amelang,T (2061)-Heer,S (2096) Bayern 2011}) 14... Qd6 15. Qd2 b6 16. Rac1 Bb7 17. Ne5 Rfc8 {[%emt 0:04:40] [#] And now ...f6 would win.} 18. Bh6 {[%emt 0:02:45] An even fight not without its subleties.  Weighted Error Value: White=0.06 (flawless) /Black=0.05 (flawless)} 1/2-1/2

[Event "VII Totalizator Sportowy 2022"]
[Site "Bydgoszcz"]
[Date "2022.07.04"]
[Round "10.8"]
[White "Licznerski, Lukasz"]
[Black "Chojnacki, Krzysztof"]
[Result "1-0"]
[ECO "C95"]
[WhiteElo "2439"]
[BlackElo "2371"]
[Annotator "TA"]
[PlyCount "81"]
[EventDate "2022.06.25"]
[EventType "swiss"]
[EventCountry "POL"]
[SourceTitle "playchess.com"]
[Source "ChessBase"]
[SourceQuality "1"]
[TimeControl "40/5400+30:1800+30"]

1. e4 e5 2. Nf3 Nc6 3. Bb5 a6 4. Ba4 Nf6 5. O-O Be7 6. Re1 b5 7. Bb3 d6 8. c3 O-O 9. h3 Nb8 10. d4 Nbd7 11. Nbd2 Bb7 12. Bc2 Re8 13. Nf1 Bf8 14. Ng3 g6 15. a4 c5 16. d5 c4 17. Bg5 Nc5 {[%emt 0:01:46] [#] C95: Closed Ruy Lopez: Breyer Variation with 10 d4.} 18. Qc1 $146 ({Predecessor:} 18. Qd2 Be7 19. Bh6 Bf8 20. Bg5 Be7 21. Bh6 Bf8 22. axb5 axb5 23. Bxf8 Rxf8 24. Rxa8 Bxa8 25. Qh6 {0-1 (78) Volokitin,A (2687)-Stern,R (2510) Germany 2022}) 18... Be7 19. Be3 Nfd7 {[%emt 0:03:51] The position is equal.} 20. h4 h5 (20... Bxh4 $2 21. Nxh4 Kh8 22. Qd2 $1 $18) 21. Ng5 Qc7 22. Rf1 Nxa4 23. Bxa4 bxa4 24. f4 Bxg5 (24... exf4 $11 {remains equal.} 25. Rxf4 Bxg5 26. hxg5 Ne5) 25. fxg5 $16 {[%emt 0:01:24] Strongly threatening Qd1.} Nc5 (25... Bc8 $16) 26. Bxc5 $18 Qxc5+ 27. Kh2 {[%emt 0:10:02][%cal Og3h5] Hoping for Nxh5!} Bc8 $2 {[%emt 0:03:51] [#]} (27... Kg7 28. Qd1 (28. Rxa4 a5 $16) 28... Re7) 28. Rxa4 $2 (28. Nxh5 $1 $18 {[%mdl 512] is the precise move to win. And now Nf6+ would win.} Rd8 (28... Kf8 29. Nf6) 29. Nf6+ Kg7 30. h5) 28... Bd7 29. Ra2 a5 (29... Bg4 $16) 30. Rf6 Rf8 {[%emt 0:02:55] [#]} (30... Bg4 {keeps fighting.} 31. Qe1 Re7) 31. Nxh5 $1 Bg4 (31... gxh5 $2 32. g6 Bf5 33. g7 (33. gxf7+ Rxf7 34. Rxf5 Rxf5 $18) 33... Bxe4 34. Qh6 $18 (34. gxf8=R+ Kxf8 35. Qg5 Bxd5 $18)) 32. Ng3 Kg7 33. Qe1 Rab8 34. Nf1 Bd7 35. Ne3 a4 (35... Rh8 $142 36. Qf2 Be8) 36. Qf2 Rb3 37. h5 {[%emt 0:04:49] aiming for hxg6.} gxh5 38. Rh6 {[%emt 0:00:44] Intending Qf6+ and mate.} f6 39. Nf5+ {[%emt 0:01:30] White mates.} Kf7 40. Rxf6+ Ke8 41. Ng7+ {[%emt 0:00:18] Weighted Error Value: White=0.19 (very precise) /Black=0.77} 1-0

[Event "VII Totalizator Sportowy 2022"]
[Site "Bydgoszcz"]
[Date "2022.07.04"]
[Round "10.9"]
[White "Hnydiuk, Aleksander"]
[Black "Fiedorek, Michal"]
[Result "1/2-1/2"]
[ECO "B67"]
[WhiteElo "2394"]
[BlackElo "2315"]
[Annotator "TA"]
[PlyCount "65"]
[EventDate "2022.06.25"]
[EventType "swiss"]
[EventCountry "POL"]
[SourceTitle "playchess.com"]
[Source "ChessBase"]
[SourceQuality "1"]
[TimeControl "40/5400+30:1800+30"]

1. e4 c5 2. Nf3 d6 3. d4 cxd4 4. Nxd4 Nf6 5. Nc3 Nc6 6. Bg5 e6 7. Qd2 a6 8. O-O-O Bd7 9. Kb1 Be7 10. f3 Qc7 {[%emt 0:02:21] 10...Nxd4 is the modern continuation. B67: Sicilian: Richter-Rauzer: 7...a6 8 0-0-0 Bd7, lines without 9 f4 Be7.} 11. Nxc6 Bxc6 12. Bd3 h6 {[%emt 0:17:44] White has an edge.} 13. Be3 {[%emt 0:31:00] [#]} d5 $146 ({Predecessor:} 13... b5 14. Ne2 e5 15. Ng3 Bd7 16. f4 Rd8 17. h3 Qc6 18. Qf2 O-O 19. fxe5 dxe5 {½-½ (44) Yan,R (2281)-Bitoon,R (2437) Las Vegas 2022}) 14. exd5 (14. Bf4 {looks sharper.} Qb6 15. exd5 Bxd5 16. Be5) 14... Nxd5 15. Nxd5 Bxd5 16. c4 Bc6 17. Bc2 Rd8 18. Qc3 Rxd1+ 19. Rxd1 Bf6 20. Bd4 Bxd4 21. Qxd4 O-O 22. Qd3 {[%emt 0:15:28][%csl Gc2][%cal Rd3h7] [#]} g6 23. g3 e5 24. Qe3 Kg7 25. f4 Re8 {[%emt 0:07:56] [#] And now ...exf4 would win. The position is equal.} 26. Re1 exf4 27. Qd4+ f6 28. Rxe8 Bxe8 29. gxf4 Bf7 30. b3 g5 31. fxg5 hxg5 32. h4 gxh4 {[%emt 0:04:13] ...Qg3 is the strong threat.} 33. Qxh4 {[%emt 0:00:07] Weighted Error Value: White=0.07 (flawless) /Black=0.04 (flawless)} 1/2-1/2